[Event "37th ECCC 2022"]
[Site "Mayrhofen"]
[Date "2022.10.03"]
[Round "1.42"]
[White "Ranaldi, Lucas"]
[Black "Varpanen, Jan"]
[Result "1-0"]
[ECO "A34"]
[WhiteElo "2369"]
[BlackElo "2106"]
[Annotator "TA"]
[PlyCount "105"]
[EventDate "2022.10.03"]
[EventType "team-tourn"]
[EventCountry "AUT"]
[SourceTitle "playchess.com"]
[Source "ChessBase"]
[SourceQuality "1"]
[TimeControl "40/5400+30:1800+30"]

1. c4 Nf6 2. Nc3 c5 3. g3 Nc6 4. Bg2 g6 5. e3 Bg7 6. Nge2 O-O 7. d4 d6 8. h3 {[%emt 0:05:29] E61: King's Indian: Early deviations for White, including Smyslov System.} h6 9. O-O cxd4 10. exd4 {[%emt 0:00:42] [#] White is slightly better.} e5 $146 ({Predecessor:} 10... Bd7) 11. Be3 Qe7 12. d5 Na5 13. b3 b6 14. Qd2 Kh7 15. f4 exf4 16. Rxf4 Bd7 17. Raf1 ({White should play} 17. Re1 $18) 17... Rad8 (17... Rae8 $16) 18. Rh4 Ng8 19. Bg5 ({Better is} 19. Ne4 $18) 19... f6 $16 20. Re4 Qf7 21. Bf4 Nb7 22. g4 f5 23. gxf5 Bxf5 {[%emt 0:00:52] [#]} (23... gxf5 $14 24. Re3 Rde8) 24. Re3 $1 $36 {[%emt 0:00:27][%mdl 2048] White is in control.} Nf6 25. Nd4 Rde8 {[%emt 0:01:36] Against Ne6} 26. Ne6 Rg8 27. Nb5 {[%emt 0:00:19][%csl LRa7,LRd6] Threatens to win with Nbc7.} Nh5 28. Nxd6 {[%emt 0:01:18] White is much more active.} ({Worse is} 28. Bxd6 a6 29. Nbc7 (29. Nxg7 Nxg7 30. Bc7 axb5 $11) 29... Nxd6 $11) 28... Nxd6 29. Bxd6 Qd7 (29... Bf6 {is a better defense.} 30. Be5 Ng7) 30. Nxg7 $18 Rxe3 (30... Qxg7 31. Bb4 Qf6) 31. Nxh5 {[%emt 0:02:32] [#] Threatening mate with Nf6+.} Qxd6 32. Qxe3 gxh5 33. Rxf5 Rxg2+ 34. Kxg2 Qg6+ 35. Kh2 {[%emt 0:01:09] White wants to mate with Qe7+.} Qxf5 {[%emt 0:00:10][%mdl 4096] Endgame KQ-KQ} 36. Qe7+ Kh8 $2 (36... Kg6 37. Qe8+ (37. Qxa7 Qf2+ 38. Kh1 Qf1+ 39. Kh2 Qf2+ 40. Kh1 Qf1+ 41. Kh2 Qf2+ $11) 37... Kg7) 37. Qe8+ $2 (37. Kg3 {d6 is the strong threat.} Qd3+ 38. Kh4) 37... Kh7 38. Qe7+ $2 (38. Qe3) 38... Kh8 $1 39. Kg3 h4+ 40. Qxh4 Qd3+ 41. Kg2 (41. Kg4 $142 Qg6+ 42. Kf4) 41... Qc2+ 42. Qf2 Qe4+ 43. Kg3 b5 44. Qf6+ Kh7 45. Qe6 Qd3+ 46. Kf4 {[%emt 0:00:00] Intending Qf5+ and mate.} Qd2+ 47. Ke5 bxc4 48. Qf5+ Kg7 49. Qg4+ (49. bxc4 $142 Qe2+ 50. Qe4) 49... Kh7 50. bxc4 {[%emt 0:00:00] White mates.} Qxa2 51. d6 Qa5+ 52. Ke6 Qa6 53. Kf7 {[%emt 0:00:00] Weighted Error Value: White=0.59/Black=0.32} 1-0

[Event "37th ECCC 2022"]
[Site "Mayrhofen"]
[Date "2022.10.03"]
[Round "1.43"]
[White "Korobov, Anton"]
[Black "Bruedigam, Martin"]
[Result "1/2-1/2"]
[ECO "B10"]
[WhiteElo "2672"]
[BlackElo "2375"]
[Annotator "TA"]
[PlyCount "61"]
[EventDate "2022.10.03"]
[EventType "team-tourn"]
[EventCountry "AUT"]
[SourceTitle "playchess.com"]
[Source "ChessBase"]
[SourceQuality "1"]
[TimeControl "40/5400+30:1800+30"]

1. e4 c6 2. Nc3 d5 3. Nf3 dxe4 4. Nxe4 Nf6 5. Qe2 Nxe4 6. Qxe4 Qd5 {[%emt 0:01:12] B11: Caro-Kann: Two Knights Variation.} 7. Qh4 Qe6+ 8. Be2 Qg4 9. Qg3 Qxg3 10. hxg3 g6 11. d4 Bf5 12. c3 {[%emt 0:02:12] [#]} h5 $146 ({Predecessor:} 12... Nd7 13. Bh6 Nf6 14. Nd2 Bxh6 15. Rxh6 Kf8 16. O-O-O Kg7 17. Rdh1 Nh5 18. g4 Kxh6 19. gxf5 {½-½ (50) Gupta,S (2429)-Abdusattorov,N (2627) Chess.com INT 2020}) 13. Bg5 Bg7 14. O-O-O Nd7 15. Rhe1 Nf6 16. Bc4 e6 17. Re2 Bg4 18. Kc2 Nd5 19. Bb3 a5 20. a3 a4 21. Ba2 b5 22. Rh1 Bxf3 ({Black should play} 22... f6 $15 23. Be3 g5) 23. gxf3 $11 Kd7 24. Bd2 Bf6 25. Ree1 Be7 26. Kd1 Rae8 27. Bb1 Nb6 28. Bd3 {[%emt 0:01:18] The position is equal.} Bd6 29. Rh3 Nc4 30. Bc1 f5 31. f4 {[%emt 0:01:46] Weighted Error Value: White=0.11 (very precise) /Black=0.08 (flawless)} 1/2-1/2

[Event "37th ECCC 2022"]
[Site "Mayrhofen"]
[Date "2022.10.03"]
[Round "1.44"]
[White "Mueller, Nick"]
[Black "Santos Latasa, Jaime"]
[Result "0-1"]
[ECO "E81"]
[WhiteElo "2368"]
[BlackElo "2677"]
[Annotator "TA"]
[PlyCount "106"]
[EventDate "2022.10.03"]
[EventType "team-tourn"]
[EventCountry "AUT"]
[SourceTitle "playchess.com"]
[Source "ChessBase"]
[SourceQuality "1"]
[TimeControl "40/5400+30:1800+30"]

1. d4 Nf6 2. c4 g6 3. Nc3 Bg7 4. e4 d6 5. f3 O-O 6. Nge2 c5 7. d5 e6 8. Ng3 exd5 9. cxd5 a6 10. a4 Nbd7 11. Be2 Rb8 12. O-O Ne8 13. Be3 Nc7 {[%emt 0:01:41] A65: Modern Benoni: 6 e4.} 14. Qd2 b5 15. Bg5 Qe8 {[%emt 0:00:07] The position is equal.} 16. axb5 Nxb5 17. Nxb5 axb5 18. Ra7 Qe5 19. Kh1 c4 20. Rb1 {[%emt 0:03:08] [#]} Re8 $146 ({Predecessor:} 20... Qd4 21. Rc7 Qxd2 22. Bxd2 Nf6 23. Bc3 Rd8 24. Ra7 Rd7 25. Ra5 Rc7 26. b3 Nd7 27. Bxg7 Kxg7 {½-½ (64) Jedrzejowski,M (2509)-Mannermaa,J (2459) ICCF email 2016}) 21. Rc7 Qd4 22. Qc1 Qb6 23. Rc6 Qb7 24. Rxd6 (24. Be3 $1 $14) 24... Nc5 (24... Bf8 $1 $11 25. Bf4 (25. Rc6 Ne5 $11) 25... Bxd6 26. Bxd6 Ra8) 25. Bf6 ({White should try} 25. Be3 $16 Nb3 26. Qg1) 25... Bxf6 $11 26. Rxf6 Nd7 (26... Qe7 $11 {remains equal.} 27. Rc6 Bd7) 27. Rf4 (27. Rd6 $16) 27... Qb6 (27... Qc7 $1 $11) 28. Rh4 ({White should play} 28. b3 $14) 28... Qf6 29. Qh6 Qg7 30. Qe3 Bb7 31. Qc3 Ba6 32. f4 {[%emt 0:06:06] aiming for e5.} Qf6 33. Rh3 {[%emt 0:12:39] [#] Qd2 is the strong threat.} Qxc3 34. bxc3 Nf6 35. e5 Nxd5 36. Ne4 Bc8 37. Bxc4 Bxh3 38. Bxd5 Bf5 {[%emt 0:00:07] Strongly threatening ...Bxe4.} 39. Nf6+ Kf8 (39... Kh8 $15 40. Ra1 Re7) 40. Ra1 $1 Re7 41. Nxh7+ Kg7 42. Nf6 Rc7 {[%emt 0:00:43] White should prevent ...Rd8.} 43. h4 Rbc8 44. Ra5 Bd3 45. h5 gxh5 46. Nxh5+ Kf8 47. Nf6 Rxc3 48. f5 (48. Ra6 $11) 48... b4 {[%emt 0:02:43][%cal Bb5b4,Bb4a3][%mdl 32] White must now prevent ...Ra3.} 49. e6 $2 {[%emt 0:06:13][%mdl 8192] White does not recover from this.} (49. Ra4 $17) 49... Ra3 $19 50. Rxa3 bxa3 51. exf7 Bxf5 {[%emt 0:01:36] ( -> ...Rd8)} 52. g4 {[%emt 0:00:16] [#]} Rd8 $1 53. Bb3 (53. gxf5 Rxd5) 53... Bg6 {[%emt 0:00:09] Weighted Error Value: White=0.69/Black=0.11 (very precise)} 0-1

[Event "37th ECCC 2022"]
[Site "Mayrhofen"]
[Date "2022.10.03"]
[Round "1.45"]
[White "Idani, Pouya"]
[Black "Rietze, Clemens"]
[Result "1-0"]
[ECO "B13"]
[WhiteElo "2623"]
[BlackElo "2299"]
[Annotator "TA"]
[PlyCount "49"]
[EventDate "2022.10.03"]
[EventType "team-tourn"]
[EventCountry "AUT"]
[SourceTitle "playchess.com"]
[Source "ChessBase"]
[SourceQuality "1"]
[TimeControl "40/5400+30:1800+30"]

1. e4 c6 2. d4 d5 3. exd5 cxd5 4. Bd3 Nc6 5. c3 Qc7 6. h3 e6 {[%emt 0:00:08] B13: Caro-Kann: Exchange Variation and Panov-Botvinnik Attack.} 7. Nf3 Bd6 8. O-O Nge7 {[%emt 0:00:06] White has an edge.} 9. Re1 Bd7 10. Na3 $5 {[%emt 0:01:55][%mdl 4] next Nb5 is good for White. An interesting side line.} a6 {[%emt 0:00:40] Prevents Nb5.} 11. Nc2 {[%emt 0:00:33] [#]} O-O $146 ({Predecessor:} 11... f6 12. Nh4 O-O-O 13. Nf3 g5 14. b4 h5 15. a4 g4 16. Nh4 gxh3 17. b5 Na5 18. bxa6 {0-1 (27) Vokhidov,S (2526)-Fedoseev,V (2672) Chess.com INT 2019}) 12. b3 (12. Ng5 $5 h6 13. Nf3 $11) 12... h6 13. c4 dxc4 14. bxc4 b5 15. c5 ({But not} 15. cxb5 axb5 16. Bd2 Nd5 $11) 15... Bf4 16. Bxf4 Qxf4 17. Re4 (17. Be4 $5 ) 17... Qc7 18. Qd2 Nd5 19. Ne3 Nce7 (19... Nde7 $11 {keeps the balance.}) 20. Nxd5 $16 Nxd5 21. Rg4 $40 {[%emt 0:16:17][%mdl 128] Qxh6 would kill now. White is out for blood.} f5 $2 {[%emt 0:08:15][%mdl 8192] [#] This move loses the game for Black.} (21... Kh8 $16) 22. Qxh6 $1 $18 Rf7 23. Ne5 {[%emt 0:04:15] Qh5 is the strong threat. Really sharp!} fxg4 $2 (23... Raf8 $18 24. Rg3 (24. Nxf7 fxg4 25. Qh5 Rxf7 $11) 24... Re7) 24. Qh7+ Kf8 25. Ng6+ {[%emt 0:00:06] Weighted Error Value: White=0.09 (flawless) /Black=0.68} 1-0

[Event "37th ECCC 2022"]
[Site "Mayrhofen"]
[Date "2022.10.03"]
[Round "1.46"]
[White "Giemsa, Stephan"]
[Black "Alonso Rosell, Alvar"]
[Result "0-1"]
[ECO "A40"]
[WhiteElo "2263"]
[BlackElo "2563"]
[Annotator "TA"]
[PlyCount "78"]
[EventDate "2022.10.03"]
[EventType "team-tourn"]
[EventCountry "AUT"]
[SourceTitle "playchess.com"]
[Source "ChessBase"]
[SourceQuality "1"]
[TimeControl "40/5400+30:1800+30"]

1. d4 Nf6 2. c4 e6 3. g3 Bb4+ 4. Bd2 a5 5. Bg2 d6 6. e3 {[%emt 0:08:44] E00: Catalan Bogo-Indian (3 g3 Bb4+).} O-O 7. Ne2 e5 8. O-O {[%emt 0:05:24] White has an edge.} Bxd2 9. Qxd2 Nc6 10. Nbc3 exd4 11. exd4 {[%emt 0:03:26] [#]} Bf5 $146 ({Predecessor:} 11... Re8 12. h3 Bf5 13. g4 Ne4 14. Bxe4 Bxe4 15. Ng3 Bg6 16. f4 f6 17. d5 Nb4 {0-1 (59) Merry,A (2388)-Miezis,N (2505) Crawley 2016}) 12. Nf4 a4 13. Nfd5 Nxd5 14. Nxd5 Qd7 15. Rfe1 Rfe8 16. Qf4 Bg6 17. h4 a3 (17... h6 $14) 18. bxa3 h6 19. Re3 Rxe3 20. Qxe3 Re8 21. Qf4 Nd8 (21... Ra8 $14) 22. Qd2 $16 Ne6 23. Ne3 b6 24. Nd5 Qa4 25. Qc3 Kf8 26. Re1 Bf5 27. Kh2 Qa7 (27... Qa5 $14) 28. Ne3 ({White should try} 28. Qf3 $18 Bh7 29. Bh3) 28... Bg6 (28... Bh7 $16 29. Bc6 Rd8) 29. Bc6 Rb8 30. f4 $2 {[%emt 0:02:20] [#]} (30. Nd5 $18) 30... Qa5 $15 31. Qxa5 bxa5 32. f5 Nxd4 33. fxg6 {[%emt 0:00:23] [#] And now Bd5 would win.} Nxc6 $17 {[%emt 0:00:07][%mdl 4096] Endgame KRN-KRN} 34. Nd5 (34. gxf7 $17 Rb2+ 35. Kh3) 34... Ne5 $19 {[%emt 0:00:34] Threatens to win with ...Nf3+.} (34... fxg6 35. Rf1+ Kg8 36. Nxc7 $17) 35. Re2 c6 ({And not} 35... fxg6 36. c5 $17) ({Worse is} 35... Nxc4 36. Nxc7 fxg6 37. Rf2+ Ke7 38. Kh3) 36. Nf4 Nxc4 ({Stronger than} 36... fxg6 37. c5 Ke7 38. Kh3 $17) 37. gxf7 Kxf7 38. h5 (38. g4 $142) 38... Rb2 39. Rxb2 Nxb2 {[%emt 0:00:03] Quite a comeback for Black.  Weighted Error Value: White=0.37/Black=0.18 (very precise)} 0-1

[Event "37th ECCC 2022"]
[Site "Mayrhofen"]
[Date "2022.10.03"]
[Round "1.47"]
[White "Forcen Esteban, Daniel"]
[Black "Acikel, Mert"]
[Result "1-0"]
[ECO "A08"]
[WhiteElo "2566"]
[BlackElo "2197"]
[Annotator "TA"]
[PlyCount "71"]
[EventDate "2022.10.03"]
[EventType "team-tourn"]
[EventCountry "AUT"]
[SourceTitle "playchess.com"]
[Source "ChessBase"]
[SourceQuality "1"]
[TimeControl "40/5400+30:1800+30"]

1. Nf3 d5 2. g3 Nf6 3. Bg2 e6 4. O-O Be7 5. d3 O-O 6. Nbd2 c5 7. e4 Nc6 8. Re1 b5 9. exd5 exd5 10. Nb3 {[%emt 0:01:56] C00: French: Unusual White 2nd moves.} Be6 {[%emt 0:09:52] [#]} 11. Be3 $146 ({Predecessor:} 11. Bf4 Rc8 12. h3 d4 13. a4 a6 14. axb5 axb5 15. Ne5 Nxe5 16. Bxe5 Nd5 17. g4 Bd6 {1-0 (36) Huzman,A (2561)-Delorme,A (2480) Tornelo INT 2021}) 11... d4 12. Bg5 {[%emt 0:00:33] White is slightly better.} Qb6 13. Ne5 Nxe5 14. Bxa8 Rxa8 15. Rxe5 {[%emt 0:00:05] next Qf3 is good for White.} Nd7 $1 16. Rxe6 (16. Bxe7 Nxe5 17. Qh5 (17. Bxc5 $2 Qc6 $19) (17. Nxc5 $2 Bg4 $19) 17... Qc7 $15) 16... Qxe6 17. Qf3 Re8 18. Bd2 (18. Bxe7 {seems wilder.} Ne5 19. Qe4 Qxe7 20. a4) 18... Ne5 19. Qe4 f5 20. Qg2 {[%emt 0:08:19] aiming for Re1.} Rd8 21. f4 Ng4 22. Re1 Qd7 ({Resist} 22... Ne3 23. c3 $14 (23. Qf2 Bf6 $14)) 23. Na5 {[%emt 0:05:52] Prevents c4.} Rc8 {[%emt 0:05:49] Inhibits Nc6.} 24. h3 Ne3 25. Bxe3 dxe3 26. Rxe3 c4 27. Kh2 (27. Qb7 $2 Qxb7 28. Nxb7 Rc7 29. dxc4 Rxb7 $19) 27... Bc5 28. Re5 Bb6 29. Rd5 Qe8 {[%emt 0:04:34] [#] Hoping for ...cxd3.} 30. Nb7 cxd3 31. Rxd3 {[%emt 0:02:15] Threatens to win with Nd6.} Qe1 $1 {[%emt 0:00:51][%cal Oc8c2] ( -> ...Rxc2!)} 32. h4 $1 $36 {[%emt 0:03:15][%mdl 2048] Strongly threatening Nd6. White is more active.} Rxc2 33. Rd8+ Bxd8 34. Qxc2 Bf6 {[%emt 0:00:57][%mdl 8192] [#]} (34... Be7 $11) 35. Qc8+ $18 Kf7 36. Nd6+ {[%emt 0:00:05] Weighted Error Value: White=0.05 (flawless) /Black=0.05 (flawless)} 1-0

[Event "37th ECCC 2022"]
[Site "Mayrhofen"]
[Date "2022.10.03"]
[Round "1.48"]
[White "Dimitrijeski, Kristian"]
[Black "Bernadskiy, Vitaliy"]
[Result "0-1"]
[ECO "C01"]
[WhiteElo "2154"]
[BlackElo "2570"]
[Annotator "TA"]
[PlyCount "90"]
[EventDate "2022.10.03"]
[EventType "team-tourn"]
[EventCountry "AUT"]
[SourceTitle "playchess.com"]
[Source "ChessBase"]
[SourceQuality "1"]
[TimeControl "40/5400+30:1800+30"]

1. d4 e6 2. e4 d5 3. exd5 exd5 4. Nf3 Nc6 5. Bb5 Bd6 6. O-O Nge7 7. c4 dxc4 {[%emt 0:00:11] C01: French: Exchange Variation.} 8. Nc3 O-O {[%emt 0:02:30] [#]} 9. Bg5 $146 ({Predecessor:} 9. Bxc4 Bg4 10. d5 Ne5 11. Be2 N5g6 12. h3 Bc8 13. Qb3 Nf4 14. Bxf4 Bxf4 15. Qc4 {0-1 (64) Svidinsky,D (2112)-Murtazin,B (2404) St Petersburg 2018}) 9... h6 {[%emt 0:06:23] Black is slightly better.} 10. Bh4 (10. Bxe7 $11 {might be stronger.} Bxe7 11. Bxc6 bxc6 12. Ne5) 10... Bg4 11. Bxc6 bxc6 12. h3 Be6 13. Ne5 Bxe5 14. dxe5 Qxd1 15. Raxd1 Nf5 16. Bg3 Rab8 17. Rd2 Nxg3 18. fxg3 Rfd8 19. Rfd1 Rxd2 20. Rxd2 $17 {[%emt 0:00:07][%mdl 4096] Endgame KRB-KRN} h5 21. Kf2 Kf8 22. Ke3 Ke7 23. Kf4 g6 24. a3 Bf5 25. Ne2 Bd3 26. Nc1 Ke6 27. Ne2 (27. Nxd3 $17 cxd3 28. Ke4) 27... Bxe2 28. Rxe2 $19 {[%emt 0:00:05] KR-KR} Rd8 29. Re4 Rd2 {[%emt 0:03:25][%csl LRb2,LRg2] ...Kd5 is the strong threat.} 30. Rxc4 Kd5 {[%emt 0:00:03] Black is more active.} (30... Rxb2 $6 31. Rxc6+ Kd5 32. Rxc7 $11) 31. Ra4 Rf2+ ({Inferior is} 31... Rxg2 32. b4 $15) 32. Ke3 Rxg2 33. Kf3 Rxb2 34. Rxa7 c5 35. Rxc7 c4 ({Much weaker is} 35... Kxe5 $6 36. Rxc5+ Kd4 37. Ra5 $11) 36. Rxf7 Kxe5 {[%emt 0:00:37] Hoping for ...Kd4.} 37. Re7+ $2 {[%emt 0:04:13] [#] This costs White the game.} (37. a4 $17) 37... Kd4 $1 {[%emt 0:00:19] White must now prevent ...c3.} 38. Rd7+ {[%emt 0:01:30] [#]} Kc3 $1 39. Rd6 $2 (39. a4) 39... Rb3 40. Rxg6 Kb2+ 41. Kf4 c3 {[%emt 0:00:07] Black mates.} 42. Rc6 c2 43. Rxc2+ Kxc2 44. a4 Ra3 45. Kg5 Rxg3+ {[%emt 0:00:28] Weighted Error Value: White=0.62/Black=0.15 (very precise)} 0-1

[Event "37th ECCC 2022"]
[Site "Mayrhofen"]
[Date "2022.10.03"]
[Round "1.49"]
[White "Roberson, Peter T"]
[Black "Mamedov, Rauf"]
[Result "0-1"]
[ECO "B12"]
[WhiteElo "2421"]
[BlackElo "2646"]
[Annotator "TA"]
[PlyCount "82"]
[EventDate "2022.10.03"]
[EventType "team-tourn"]
[EventCountry "AUT"]
[SourceTitle "playchess.com"]
[Source "ChessBase"]
[SourceQuality "1"]
[TimeControl "40/5400+30:1800+30"]

1. e4 c6 2. d4 d5 3. e5 Bf5 4. Nd2 e6 5. Nb3 Nd7 6. Nf3 Ne7 {[%emt 0:01:02] B12: Caro-Kann: Advance Variation.} 7. Be2 h6 8. O-O Qc7 {[%emt 0:02:57] The position is equal.} 9. a4 g5 10. Bd2 a5 11. c3 {[%emt 0:01:41] 11.Rc1 is a critical line.} Bg7 12. Ne1 c5 {[%emt 0:06:52] [#]} 13. f4 $146 (13. Bb5 $14) ({Predecessor:} 13. Bb5 Nc6 14. f4 c4 15. Nc1 O-O-O 16. b3 Nb6 17. fxg5 hxg5 18. Bxg5 f6 19. Bf4 fxe5 {½-½ (73) Najer,E (2667)-Lobanov,S (2515) Sochi 2018}) 13... c4 $11 14. Nc1 Qb6 15. b3 gxf4 16. bxc4 dxc4 17. Bxc4 Nxe5 18. Bb5+ N5c6 19. Bxf4 (19. Kh1 $14 {keeps the upper hand.}) 19... Nd5 $17 20. Bxc6+ bxc6 21. Qd2 Nxc3 22. Nf3 $15 Ne4 23. Qe3 Rd8 24. Ne2 Nf6 25. Qa3 Bf8 26. Qc1 Nd5 27. Be5 (27. Kh1 $11 {keeps the balance.}) 27... f6 28. Bg3 h5 $36 {[%emt 0:00:08][%mdl 2048] Black has good play.} 29. Ra2 Bh6 {[%emt 0:01:42] This bishop pair is nice.} 30. Qa1 ({White should try} 30. Nf4) 30... O-O $17 {[%emt 0:01:27] Black has more active pieces.} 31. Rb2 Qa6 32. h3 Rd7 33. Re1 Rg7 ({Black should play} 33... Qd3 $19 {[%cal Of5h3] ...Bxh3! is the strong threat.} 34. Qd1 Qxd1 35. Rxd1 Rg7) 34. Kh2 (34. Qa3 $17 {keeps fighting.}) 34... Kh7 {[%emt 0:00:51] [#] Threatens to win with ...Rfg8.} 35. Neg1 $2 (35. Nh4 Qd3 36. Nxf5 exf5 37. Qb1) 35... Rfg8 36. Bd6 (36. Bh4 {was the only chance.}) 36... Qd3 {[%emt 0:00:59] aiming for ...Ne3. Black is clearly winning.} 37. Nh4 Ne3 {[%emt 0:03:01] Strongly threatening ...Be4.} 38. Kh1 Be4 39. Ree2 Nc4 40. Bh2 Nxb2 41. Qxb2 Bd5 {[%emt 0:30:26] Weighted Error Value: White=0.53/Black=0.31} 0-1

[Event "37th ECCC 2022"]
[Site "Mayrhofen"]
[Date "2022.10.03"]
[Round "1.50"]
[White "Asadli, Vugar"]
[Black "Makkar, Rajat"]
[Result "1-0"]
[ECO "B62"]
[WhiteElo "2575"]
[BlackElo "2399"]
[Annotator "TA"]
[PlyCount "81"]
[EventDate "2022.10.03"]
[EventType "team-tourn"]
[EventCountry "AUT"]
[SourceTitle "playchess.com"]
[Source "ChessBase"]
[SourceQuality "1"]
[TimeControl "40/5400+30:1800+30"]

1. e4 c5 2. Nc3 Nc6 3. Nf3 d6 4. d4 cxd4 5. Nxd4 Nf6 6. Bg5 e6 7. Bb5 Bd7 8. Qd3 {[%emt 0:00:18] B62: Sicilian: Richter-Rauzer: 6...e6: Unusual White 7th moves.} Be7 {[%emt 0:00:33] 8...h6 might become the main line.} 9. O-O-O Nxd4 (9... O-O {seems wilder.} 10. Bxc6 bxc6 11. Nb3 a5) 10. Bxd7+ {[%emt 0:06:15] White is slightly better.} Nxd7 11. Bxe7 Kxe7 (11... Qxe7 12. Qxd4 Qg5+ 13. Kb1 $16) 12. Qxd4 Qb6 {[%emt 0:00:07] [#]} 13. Qxg7 $146 {[%emt 0:17:18] Strongly threatening Qg5+.} ({Predecessor:} 13. Rd2 Qxd4 14. Rxd4 Nf6 15. Rhd1 Rhd8 16. f3 a6 17. a4 Rac8 18. Rb4 Rc7 19. Rb6 {0-1 (55) Kochavi,O (2356)-Blomqvist,E (2521) Teplice 2022}) 13... Rhg8 (13... Rag8 $11 14. Qh6 Rxg2) 14. Qh6 $14 Qxf2 15. e5 (15. g3 $14 Qf6 16. Qh3 (16. Qd2 Qg5 $11)) 15... Nxe5 $11 (15... Rxg2 $2 16. exd6+ Ke8 17. Qxh7 $18 (17. Rd2 Qxd2+ 18. Qxd2 Rxd2 $17)) 16. g3 Ng4 17. Qh5 {[%emt 0:02:12] And now Rhf1 would win.} Qc5 $1 18. Qh3 (18. Qxh7 $15 Qe3+ 19. Rd2 (19. Kb1 Rh8 $17)) 18... Nf2 $1 $19 19. Qg2 Rac8 20. Qxb7+ Rc7 21. Qf3 Nxh1 22. Rxh1 Rg5 23. Rd1 Re5 24. Kb1 Qe3 25. Qa8 Qf2 26. a4 Qxh2 27. Qb8 Rd7 28. Nb5 Rd5 $2 (28... Rc5 $19 29. Rc1 Qd2) 29. Rc1 $17 {[%emt 0:01:39] [#]} Rxb5 ({Much weaker is} 29... Qxg3 $6 30. Nc7 Rxc7 31. Qxc7+ Kf6 32. Qxa7 $11) 30. axb5 (30. Qxb5 $142 Qxg3 31. Qh5) 30... Qxg3 {[%emt 0:00:24][%mdl 4096] Endgame KQR-KQR} 31. c4 (31. Qh8 $17) 31... h5 $19 32. Ka2 h4 33. Rc3 Qf4 34. Qc8 Qd4 (34... Qg4 $19 {and Black stays clearly on top. Threatens to win with ...h3.} 35. Ka3 e5) 35. Rf3 $17 f5 (35... e5 $15 36. b3 Qd2+ 37. Ka3 Qc1+ 38. Ka2 Qc2+ 39. Ka3 Qd1) 36. Rc3 Rd8 37. Qc7+ Rd7 (37... Ke8 $11 {was preferrable.}) 38. Qc8 $15 Qg7 39. Rh3 Qg4 (39... Qf6 $15 {might be stronger.}) 40. Ra3 $1 $11 Qg7 $2 {[%emt 0:01:48][%mdl 8192] [#]} (40... e5 $11) 41. Qxd7+ $3 {[%emt 0:30:10][%mdl 576] Remove Defender. White used his chance.  Weighted Error Value: White=0.27 (precise) /Black=0.23 (precise)} 1-0

[Event "37th ECCC 2022"]
[Site "Mayrhofen"]
[Date "2022.10.03"]
[Round "1.51"]
[White "Moreby, James"]
[Black "Ahmadzada, Ahmad"]
[Result "1/2-1/2"]
[ECO "A16"]
[WhiteElo "2346"]
[BlackElo "2488"]
[Annotator "TA"]
[PlyCount "62"]
[EventDate "2022.10.03"]
[EventType "team-tourn"]
[EventCountry "AUT"]
[SourceTitle "playchess.com"]
[Source "ChessBase"]
[SourceQuality "1"]
[TimeControl "40/5400+30:1800+30"]

1. c4 Nf6 2. Nc3 g6 3. e4 Bg7 4. d4 O-O 5. Be2 c5 6. Nf3 cxd4 7. Nxd4 d6 8. Be3 Nc6 9. O-O Bd7 10. f3 Nxd4 11. Bxd4 (11. Qxd4 Ng4 $1 12. Qd3 Nxe3 13. Qxe3 Qb6 14. Qxb6 axb6 $15) 11... a5 {B38: Sicilian: Maroczy Bind with 5...Bg7 and 7...0-0.} 12. c5 dxc5 13. Bxc5 Rc8 {White has an edge.} 14. Be3 Be6 15. Qa4 Nd7 16. Rfd1 Qc7 {[%emt 0:06:46] [#]} (16... Bxc3 $11 17. bxc3 Qc7) 17. Rac1 $1 $16 {[%emt 0:03:12] Threatens to win with Nd5.} Nc5 18. Qa3 ({White should play} 18. Qb5 $14 Bxc3 19. Rxc3) 18... b6 $1 $11 19. Na4 {[%emt 0:09:24][%cal Ra4c5] [#]} Qb7 $146 (19... Qa7 $11) ({Predecessor:} 19... Be5 20. Nxc5 bxc5 21. Rxc5 Qb8 22. Rb5 Bxh2+ 23. Kh1 Qc7 24. Rc5 Qb8 25. Rxc8 Rxc8 26. Qxe7 {½-½ (35) Bobras,P (2524)-Hausrath,D (2481) Germany 2017}) 20. Nxc5 $14 bxc5 21. b3 (21. Bxc5 $2 Bxb2 22. Qxa5 Bxc1 23. Rxc1 Ra8 $17) ({Much worse is} 21. Qxa5 Qxb2 22. Kf1 c4 $17) 21... Bd4 22. Bxd4 cxd4 23. Rxc8 ({Wrong is} 23. Rxd4 $2 Qa7 24. Rcd1 Rfd8 $19) 23... Rxc8 24. Qxa5 Ra8 $1 25. Qd2 Qa7 {[%emt 0:01:26] White must now prevent ...d3+.} 26. Qxd4 Qxa2 {[%emt 0:00:34] The position is equal.} 27. Bc4 Bxc4 28. bxc4 Qc2 {Prevents Rc1. And now ...Ra2 would win.} 29. Rd2 Qc1+ 30. Rd1 Qc2 {Strongly threatening ...Ra2.} 31. Rd2 Qc1+ {[%emt 0:00:08] Weighted Error Value: White=0.12 (very precise) /Black=0.09 (flawless)} 1/2-1/2

[Event "37th ECCC 2022"]
[Site "Mayrhofen"]
[Date "2022.10.03"]
[Round "1.52"]
[White "Sadikhov, Ulvi"]
[Black "Bremner, Adam"]
[Result "1-0"]
[ECO "A05"]
[WhiteElo "2473"]
[BlackElo "2178"]
[Annotator "RC"]
[PlyCount "83"]
[EventDate "2022.10.03"]
[EventType "team-tourn"]
[EventCountry "AUT"]
[SourceTitle "playchess.com"]
[Source "ChessBase"]
[SourceQuality "1"]
[TimeControl "40/5400+30:1800+30"]

1. Nf3 Nf6 2. g3 g6 3. Bg2 Bg7 4. O-O O-O 5. d3 c5 6. c3 Nc6 7. e4 d6 8. Re1 Rb8 9. Nbd2 b5 10. d4 cxd4 11. cxd4 e5 12. d5 Ne7 13. b4 a5 14. Nb3 a4 15. Na5 Bd7 16. Bd2 Rc8 17. h3 Qb6 18. Be3 Qb8 19. Nd2 Kh8 20. Rc1 Rxc1 21. Qxc1 Rc8 22. Qa3 Ne8 23. Qd3 f5 24. f3 Qc7 25. Bf1 Qc2 26. Qxc2 Rxc2 27. a3 Nc8 28. Nb1 f4 29. Rc1 Rxc1 30. Bxc1 g5 31. Nc3 Nc7 32. Nc6 Bxc6 33. dxc6 Na7 34. Nd5 Nxd5 35. exd5 e4 36. fxe4 Bd4+ 37. Kg2 fxg3 38. Bxg5 Bb2 39. c7 Bxa3 40. Bxb5 Bxb4 41. Bxa4 Ba5 42. Bd8 1-0